 Dungeon Crawl Stone Soup version 0.31-a0-152-g6aa68a64a1 (webtiles) character file.

Game seed: 10072347764920140722

1617 qw the Skirmisher (level 8, -2/73 HPs)
             Began as a Minotaur Hunter on June 9, 2023.
             Slain by Menkaure (17 damage)
             ... on level 6 of the Dungeon.
             The game lasted 00:02:17 (5513 turns).

qw the Skirmisher (Minotaur Hunter)                 Turns: 5513, Time: 00:02:17

Health: -2/73      AC:  6    Str: 23    XL:     8   Next: 64%
Magic:  7/7        EV: 17    Int:  6    God:
Gold:   137        SH:  5    Dex: 15    Spells: 7/7 levels left

rFire   . . .        Y - +0 shortbow
rCold   . . .        (shield currently unavailable)
rNeg    . . .        d - +0 ring mail
rPois   .            (helmet restricted)
rElec   .            (no cloak)
rCorr   .            j - +0 pair of gloves
SInv    .            (no boots)
Will    .....        h - amulet of reflection
Stlth   +            e - +6 ring of strength
HPRegen 0.32/turn    k - +5 ring of evasion
MPRegen 0.10/turn

%: reflection
@: no status effects
A: horns 2, retaliatory headbutt
a: no special abilities


You were on level 6 of the Dungeon.
You visited 1 branch of the dungeon, and saw 6 of its levels.

You collected 276 gold pieces.
You spent 139 gold pieces at shops.


Innate Abilities, Weirdness & Mutations

You have a pair of horns on your head.
You reflexively headbutt those who attack you in melee.


   Skills:
 - Level 7.5 Fighting
 + Level 10.2 Ranged Weapons
 - Level 2.8 Armour
 - Level 3.6 Dodging
 - Level 0.7 Stealth


You had 7 spell levels left.
You didn't know any spells.
Your spell library was empty.

Inventory:

Hand Weapons
 Y - a +0 shortbow (weapon)
Armour
 c - a +0 cloak
 d - a +0 ring mail (worn)
 f - +0 swamp dragon scales
 j - a +0 pair of gloves (worn)
Jewellery
 e - a +6 ring of strength (left hand)
 g - a ring of fire
 h - an amulet of reflection (around neck)
 k - a +5 ring of evasion (right hand)
Scrolls
 a - 9 scrolls of identify
 i - a scroll of brand weapon {unknown}
 l - a scroll of immolation {unknown}
Potions
 b - a potion of resistance

Dungeon Overview and Level Annotations

Branches:
Dungeon (6/15)
 Temple: D:4-7

Altars:
Cheibriados
Qazlal
Sif Muna
Uskayaw
The Shining One

Shops:
D:6 ([

Annotations:
D:6 Menkaure


Message History

You see here a water moccasin corpse.
Menkaure, Prince of Dust comes into view.
Found a stone staircase leading down.
Menkaure shouts!
Enter note:
Enter note:
Enter note:
Enter note: You shoot an arrow.
The arrow hits Menkaure!
Menkaure is moderately damaged.
You shoot an arrow. The arrow hits Menkaure.
Menkaure is heavily damaged.
You shoot an arrow. The arrow hits Menkaure.
Menkaure is heavily damaged.
You shoot an arrow. The arrow barely misses Menkaure.
Menkaure mumbles some strange words.
Menkaure seems to speed up.
You shoot an arrow. The arrow hits Menkaure.
Menkaure is heavily damaged.
Menkaure calls on the powers of darkness!
Your body is wracked with pain!
You shoot an arrow. The arrow barely misses Menkaure.
Menkaure calls on the powers of darkness!
Your body is wracked with pain!
You shoot an arrow.
The arrow hits Menkaure but does no damage.
Menkaure is heavily damaged.
You shoot an arrow. The arrow barely misses Menkaure.
You shoot an arrow. The arrow hits Menkaure!
Menkaure is almost destroyed.
You block Menkaure's attack.
You shoot an arrow.
The arrow hits Menkaure but does no damage.
Menkaure is almost destroyed.
Menkaure hits you!
You shoot an arrow.
The arrow hits Menkaure but does no damage.
Menkaure is almost destroyed.
Menkaure hits you!
You die...

####...........
..............#
..............#
..............#
..............#
..............#
..............#
>.....M@......#
.......#....###
.......#.##%#
.......#.##.###
########.##...###
#.####...#
#.####...#
#........#
######...#


You could see Menkaure (fast).

Vanquished Creatures
  Maggie (D:6)
  Edmund (D:6)
  A water moccasin (D:6)
  An orc warrior (D:5)
  An ogre (D:6)
  3 phantoms
  A scorpion (D:5)
  2 hounds
  3 orc priests (D:5)
  An iron imp (D:5)
  A jelly (D:6)
  3 iguanas
  5 orc wizards
  6 gnolls (D:2)
  9 adders
  A white imp (D:5)
  2 dart slugs
  2 worms
  13 orcs
  5 ball pythons
  7 endoplasms
  2 giant cockroaches (D:1)
  5 goblins
  6 hobgoblins
  3 jackals (D:3)
  2 quokkas
  5 bats
  3 frilled lizards
  3 hobgoblin zombies (D:5)
  10 kobolds
  3 kobold skeletons (D:5)
  A kobold zombie (D:5)
  3 orc skeletons (D:5)
  2 orc zombies (D:5)
  6 rats
123 creatures vanquished.

Notes
Turn   | Place    | Note
-------+----------+-------------------------------------------
     0 | D:1      | qw the Minotaur Hunter began the quest for the Orb.
     0 | D:1      | Reached XP level 1. HP: 18/18 MP: 0/0
     0 | D:1      | 0 ||| qw: Version: 0.2-a-122-gbc61b45
     0 | D:1      | 0 ||| qw: Game counter: 3331
     0 | D:1      | 0 ||| qw: Always use a shield: true
     0 | D:1      | 0 ||| qw: God list: Okawaru
     0 | D:1      | 0 ||| qw: Allow faded altars: false
     0 | D:1      | 0 ||| qw: Do Orc after D:15 true
     0 | D:1      | 0 ||| qw: Do second Lair branch before Depths: true
     0 | D:1      | 0 ||| qw: Lair rune preference: random
     0 | D:1      | 0 ||| qw: Plans: Normal
     0 | D:1      | 0 ||| PLANNING D:1-11
   189 | D:1      | Reached XP level 2. HP: 25/25 MP: 1/1
   214 | D:1      | Reached skill level 5 in Ranged Weapons
   345 | D:1      | You fall into a shaft and drop 1 floor!
   373 | D:2      | Reached skill level 3 in Fighting
   377 | D:2      | Reached XP level 3. HP: 26/31 MP: 2/2
   488 | D:2      | 488 ||| UPGRADING to amulet of reflection.
   493 | D:2      | 493 ||| READING 2 scrolls labelled BIT MUVOTWUYWAETUL.
   494 | D:2      | 494 ||| READING scroll labelled BAODUEMUZI.
   495 | D:2      | 495 ||| DRINKING 3 glowing black potions.
   496 | D:2      | 496 ||| DROPPING scroll of butterflies.
  1063 | D:2      | Reached skill level 6 in Ranged Weapons
  1063 | D:2      | Reached XP level 4. HP: 38/38 MP: 3/3
  1463 | D:2      | 1463 ||| READING scroll labelled KOPAPP NOAT.
  1464 | D:2      | 1464 ||| READING scroll labelled WIFOIR BURGH.
  1465 | D:2      | 1465 ||| READING scroll labelled DENWUE TEVUST.
  1466 | D:2      | 1466 ||| DRINKING 2 brown potions.
  1467 | D:2      | 1467 ||| READING 2 scrolls of identify.
  1467 | D:2      | 1467 ||| IDENTIFYING sedimented pink potion
  1566 | D:3      | Found a snail-covered altar of Cheibriados.
  1599 | D:3      | 1599 ||| FLEEEEING.
  1985 | D:3      | Reached XP level 5. HP: 46/46 MP: 4/4
  2097 | D:3      | 2097 ||| UPGRADING to +0 pair of gloves.
  2102 | D:3      | 2102 ||| UPGRADING to +6 ring of strength.
  2103 | D:3      | 2103 ||| DROPPING +6 ring of intelligence.
  2104 | D:3      | 2104 ||| UPGRADING to +5 ring of evasion.
  2311 | D:4      | Reached skill level 1 in Armour
  2324 | D:4      | 2324 ||| FLEEEEING.
  2325 | D:4      | 2325 ||| FLEEEEING.
  2330 | D:4      | 2330 ||| FLEEEEING.
  2331 | D:4      | 2331 ||| FLEEEEING.
  2331 | D:4      | HP: 5/46 [something/magic dart (7)]
  2332 | D:4      | 2332 ||| FLEEEEING.
  2333 | D:4      | 2333 ||| FLEEEEING.
  2334 | D:4      | 2334 ||| FLEEEEING.
  2336 | D:4      | 2336 ||| FLEEEEING.
  2338 | D:4      | 2338 ||| FLEEEEING.
  2339 | D:4      | 2339 ||| FLEEEEING.
  2340 | D:4      | 2340 ||| FLEEEEING.
  2341 | D:4      | 2341 ||| FLEEEEING.
  2342 | D:4      | 2342 ||| FLEEEEING.
  2343 | D:4      | 2343 ||| FLEEEEING.
  2348 | D:4      | 2348 ||| FLEEEEING.
  2349 | D:4      | 2349 ||| FLEEEEING.
  2350 | D:4      | 2350 ||| FLEEEEING.
  2351 | D:4      | 2351 ||| FLEEEEING.
  2352 | D:4      | 2352 ||| FLEEEEING.
  2353 | D:4      | 2353 ||| STAIRDANCE
  2494 | D:4      | 2494 ||| STAIRDANCE
  2496 | D:3      | 2496 ||| DRINKING potion of curing.
  2496 | D:3      | 2496 ||| (to cure confusion)
  2499 | D:4      | 2499 ||| Stepping randomly (disturbance).
  2500 | D:4      | 2500 ||| Stepping randomly (disturbance).
  2771 | D:4      | Noticed a phantom
  2779 | D:4      | Killed a phantom
  2780 | D:4      | Reached skill level 7 in Ranged Weapons
  2780 | D:4      | Reached XP level 6. HP: 40/52 MP: 5/5
  3254 | D:4      | 3254 ||| UPGRADING to +0 ring mail.
  3264 | D:4      | 3264 ||| DROPPING +0 leather armour.
  3325 | D:5      | Entered Level 5 of the Dungeon
  3410 | D:5      | Reached skill level 8 in Ranged Weapons
  3525 | D:5      | 3525 ||| FLEEEEING.
  3526 | D:5      | 3526 ||| FLEEEEING.
  3527 | D:5      | 3527 ||| FLEEEEING.
  3528 | D:5      | 3528 ||| FLEEEEING.
  3533 | D:5      | 3533 ||| FLEEEEING.
  3534 | D:5      | 3534 ||| FLEEEEING.
  3535 | D:5      | 3535 ||| FLEEEEING.
  3536 | D:5      | 3536 ||| STAIRDANCE
  3620 | D:5      | 3620 ||| STAIRDANCE
  3655 | D:4      | Reached XP level 7. HP: 44/61 MP: 6/6
  3756 | D:5      | Found a hide-covered altar of Uskayaw.
  3936 | D:5      | Found a shimmering blue altar of Sif Muna.
  3976 | D:5      | HP: 15/61 [poisoned by an orc wizard]
  3976 | D:5      | HP: 5/61 [orc warrior/+0 short sword (10)]
  3977 | D:5      | 3977 ||| DRINKING 4 potions of heal wounds.
  3980 | D:5      | 3980 ||| DRINKING 3 potions of heal wounds.
  3982 | D:5      | HP: 14/61 [orc warrior/+0 short sword (8)]
  3983 | D:5      | 3983 ||| DRINKING 2 potions of heal wounds.
  3985 | D:5      | Reached skill level 3 in Dodging
  4095 | D:5      | Found a glowing golden altar of the Shining One.
  4292 | D:5      | Found a stormy altar of Qazlal.
  4711 | D:5      | 4711 ||| READING scroll labelled KITWIG BIMPAELL.
  4842 | D:6      | Reached skill level 9 in Ranged Weapons
  4845 | D:6      | Found Zogionle's Antique Armour Emporium.
  4851 | D:6      | 4851 ||| BUYING cloak (139 gold).
  4851 | D:6      | Bought a cloak for 139 gold pieces
  4851 | D:6      | 4851 ||| SHOPLISTING heavily runed leather armour (217
                  | gold, have 137).
  4851 | D:6      | 4851 ||| SHOPLISTING pair of bloodstained gloves (294 gold,
                  | have 137).
  4851 | D:6      | 4851 ||| SHOPLISTING pair of runed gloves (232 gold, have
                  | 137).
  5056 | D:6      | Noticed Maggie
  5073 | D:6      | HP: 1/62 [Maggie/+1 heavy morningstar (16)]
  5074 | D:6      | 5074 ||| DRINKING potion of heal wounds.
  5080 | D:6      | Killed Maggie
  5081 | D:6      | Reached XP level 8. HP: 11/73 MP: 7/7
  5289 | D:6      | Noticed Edmund
  5313 | D:6      | Killed Edmund
  5407 | D:6      | Found Rauzokk's Weapon Shoppe.
  5442 | D:6      | Reached skill level 10 in Ranged Weapons
  5502 | D:6      | Noticed Menkaure
  5512 | D:6      | HP: 14/73 [Menkaure (7)]
  5513 | D:6      | Slain by Menkaure

Levels and vault maps discovered:
D:1:      amcnicky_arrival_gap_in_the_tavern_cellar, layout_loops_ring
D:2:      layout_loops_corners
D:3:      layout_loops_ring, mainiacjoe_overflow_paths, grunt_ministairs_6,
          minmay_misc_feat_roman
D:4:      layout_loops_corners, reono_crystal_passage, chequers_mini_garden
D:5:      layout_basic, nicolae_tso_besieged_by_evil,
          nicolae_uskayaw_murder_on_the_dancefloor,
          nicolae_sif_muna_condensation, lemuel_crystal_altar,
          minmay_misc_feat_four_crosses
D:6:      layout_basic, doesnt_xom_only_xom, serial_shops, shop, shop,
          st_stairs_8, uniq_edmund, uniq_maggie, uniq_menkaure

Skill      XL: |  1  2  3  4  5  6  7  8 |
---------------+-------------------------+-----
Ranged Weapons | 5 6 7 8 9 10 | 10.2
Fighting       | 3 4 5 7 |  7.5
Armour         | 1 2 |  2.8
Dodging        | 3 |  3.6
Stealth        | |  0.7

Action                     |  1- 3 |  4- 6 |  7- 9 || total
---------------------------+-------+-------+-------++-------
   Fire: Shortbow          |    73 |   233 |   245 ||   551
    Use: Scroll            |     2 |     4 |     1 ||     7
         Potion            |     1 |     2 |     4 ||     7
 Armour: Leather armour    |     5 |    20 |       ||    25
         Ring mail         |       |    19 |    20 ||    39
  Dodge: Dodged            |    13 |    66 |    82 ||   161
  Block: Other             |     1 |    25 |    38 ||    64
         Reflection        |       |       |     3 ||     3

Table legend:
 A = Non-vault XP
 B = Vault XP
 C = Vault XP percentage of total XP
 D = Non-vault monster count
 E = Vault monster count
 F = Vault count percentage of total count
                 A         B        C        D         E       F
            +---------+---------+-------+---------+---------+-------
      Total |    1688 |     622 |  26.9 |     106 |      17 |  13.8
            +---------+---------+-------+---------+---------+-------
        D:1 |      21 |       0 |   0.0 |      14 |       0 |   0.0
        D:2 |     122 |       0 |   0.0 |      20 |       0 |   0.0
        D:3 |      53 |       3 |   5.4 |      21 |       2 |   8.7
        D:4 |     366 |       0 |   0.0 |      17 |       0 |   0.0
        D:5 |     661 |      52 |   7.3 |      26 |      13 |  33.3
        D:6 |     465 |     567 |  54.9 |       8 |       2 |  20.0
            +---------+---------+-------+---------+---------+-------
